 Dungeon Crawl Stone Soup version 0.25-a0-583-g696c2ac64d (webtiles) character file.

Game seed: 2714920618228056501, levelgen mode: deterministic

7849 DerDa the Frost Mage (level 11, 0/78 HPs)
             Began as a Demonspawn Ice Elementalist on Mar 8, 2020.
             Was a Priest of Sif Muna.
             Killed themself with a badly aimed iceblast (11 damage)
             ... on level 10 of the Dungeon.
             The game lasted 00:53:27 (12586 turns).

DerDa the Frost Mage (Demonspawn Ice Elementalist) Turns: 12586, Time: 00:53:28

Health: 0/78       AC: 11    Str:  9    XL:     11   Next: 2%
Magic:  1/22       EV: 13    Int: 19    God:    Sif Muna [***...]
Gold:   687        SH:  0    Dex: 17    Spells: 5/25 levels left

rFire    . . .     SeeInvis .   v - +1 trident (venom)
rCold    + . .     Gourm    +   (no shield)
rNeg     . . .     Faith    .   a - +0 robe
rPois    .         Spirit   .   k - +2 hat
rElec    .         Reflect  .   (no cloak)
rCorr    .         Harm     .   N - +2 pair of gloves
MR       .....                  (boots unavailable)
Stlth    +++.......             I - amulet of the gourmand
HPRegen  0.23/turn              s - +4 ring of protection
MPRegen  0.18/turn              M - +3 ring of dexterity

@: flying, very slightly contaminated, lightly drained
A: talons 3, cold resistance 1, nightstalker 1, freezing cloud immunity
a: Channel Magic, Forget Spell, Renounce Religion


You were on level 10 of the Dungeon.
You worshipped Sif Muna.
Sif Muna was most pleased with you.
You were completely stuffed.

You visited 2 branches of the dungeon, and saw 11 of its levels.
You also visited: Sewer.

You collected 687 gold pieces.

Inventory:

Hand Weapons
 q - a +1 whip of venom
 r - a +0 hunting sling
 v - a +1 trident of venom (weapon)
 R - the +5 spear "Utida" {drain, *Rage Str+2 Int+7 Dex+3}
   (You found it on level 9 of the Dungeon)

   A truly terrible weapon, it drains the life of those it strikes.
   It affects your strength (+2).
   It affects your intelligence (+7).
   It affects your dexterity (+3).
   It may make you go berserk in combat.
Missiles
 l - 176 sling bullets
 w - 10 poisoned darts (quivered)
 P - 36 bolts
Armour
 a - a +0 robe (worn)
 k - a +2 hat (worn)
 N - a +2 pair of gloves (worn)
Jewellery
 p - an uncursed ring of fire
 s - a +4 ring of protection (left hand)
 y - an uncursed ring of protection from cold
 I - an amulet of the gourmand (around neck)
 L - an uncursed ring of positive energy
 M - a +3 ring of dexterity (right hand)
Wands
 f - a wand of flame (14)
 n - a wand of polymorph (25)
 K - a wand of paralysis (10)
 V - a wand of iceblast (9)
Scrolls
 h - a scroll of fear
 i - 7 scrolls of remove curse
 j - 3 scrolls of amnesia
 o - 2 scrolls of enchant armour
 t - a scroll of enchant weapon
 u - 3 scrolls of teleportation
 D - 4 scrolls of immolation
 E - 5 scrolls of fog
 F - 4 scrolls of blinking {unknown}
 G - 2 scrolls of magic mapping {unknown}
 S - 2 scrolls of identify
 T - a scroll of summoning {unknown}
Potions
 b - a potion of heal wounds {unknown}
 d - 2 potions of flight
 e - a potion of invisibility {unknown}
 m - 2 potions of stabbing {unknown}
 x - a potion of ambrosia {unknown}
 z - a potion of brilliance {unknown}
 A - 6 potions of curing
 B - 4 potions of magic {unknown}
 C - 3 potions of haste {unknown}
 H - 2 potions of might {unknown}
 J - a potion of degeneration {unknown}
 O - a potion of lignification {unknown}
 Q - a potion of berserk rage {unknown}
Comestibles
 c - 9 rations
 g - 5 chunks of flesh


   Skills:
 + Level 4.5(4.4) Fighting
 - Level 3.0(2.8) Armour
 + Level 3.2(3.1) Dodging
 - Level 1.7(1.6) Stealth
 * Level 7.9(7.7) Spellcasting
 * Level 6.0(5.9) Conjurations
 + Level 4.4(4.3) Summonings
 * Level 8.4(8.2) Ice Magic
 + Level 2.5(2.3) Air Magic
 + Level 2.9(2.7) Poison Magic
 + Level 3.5(3.4) Invocations
 + Level 4.4(4.3) Evocations


You had 5 spell levels left.
You knew the following spells:

 Your Spells              Type           Power        Failure   Level  Hunger
a - Freeze                Ice            ####         1%          1    None
b - Frozen Ramparts       Ice            #####.       1%          3    #......
c - Ozocubu's Armour      Chrm/Ice       ###.....     5%          3    #......
d - Summon Ice Beast      Ice/Summ       ####....     7%          4    ###....
e - Hailstorm             Conj/Ice       ####....     4%          4    ###....
g - Mephitic Cloud        Conj/Pois/Air  ###.....     6%          3    #......
q - Blink                 Tloc           N/A          14%         2    None

Your spell library contained the following spells:

 Spells                   Type           Power        Failure   Level  Hunger
 Magic Dart               Conj           ####         1%          1    None
 Summon Small Mammal      Summ           ###.         1%          1    None
 Call Imp                 Summ           ###.....     2%          2    None
 Conjure Flame            Conj/Fire      ###.....     9%          3    #......
 Animate Skeleton         Necr           N/A          10%         1    None
 Apportation              Tloc           #.....       10%         1    None
 Corona                   Hex            #......      10%         1    None
 Slow                     Hex            #.......     14%         2    None
 Iskenderun's Battlesphe  Conj/Chrm      ###.....     61%         5    #####..
 Bolt of Magma            Conj/Fire/Erth ##........   75%         5    #####..
 Iron Shot                Conj/Erth      ###.......   99%         6    ######.
 Orb of Destruction       Conj           ####......   100%        7    #######
 Spellforged Servitor     Conj/Summ      ####......   100%        7    #######


Dungeon Overview and Level Annotations

Branches:
Dungeon (10/15)            Temple (1/1) D:6            Lair (0/6) D:9
    Orc (0/2) D:9           Sewer (visited)

Altars:
Ashenzari
Cheibriados
Dithmenos
Elyvilon
Fedhas
Gozag
Hepliaklqana
Kikubaaqudgha
Makhleb
Nemelex Xobeh
Okawaru
Qazlal
Ru
Sif Muna
Trog
Uskayaw
Vehumet
Wu Jian
Xom
Yredelemnul
Zin
The Shining One

Shops:
D:6 }

Annotations:
D:3 3 runed translucent doors, soonmide's ghost, amateur DsWz
D:7 5 transporters


Innate Abilities, Weirdness & Mutations

You have claws for feet.
Your flesh is cold resistant. (rC+)
You are slightly more attuned to the shadows.
You are immune to freezing clouds.


Message History

Unknown command.
It was a potion of flight.
You feel very buoyant.
You fly up into the air.
Something hits you but does no damage.
It was a potion of curing.
You feel better. Something hits you but does no damage.
Casting: Hailstorm (safe; 4% risk of failure)
Confirm with . or Enter, or press ? or * to list all spells.
A cannonade of hail descends around you!
The hail pelts something!
Something hits you but does no damage.
Unknown command.
Something hits you but does no damage. Something hits you!
* * * LOW HITPOINT WARNING * * *
Evoke which item? (* to show all) (? for menu, Esc to quit)
Aiming: Iceblast
Press: ? - help, Shift-Dir - straight line The mass of ice explodes!
The iceblast engulfs something!
The iceblast engulfs you! You partially resist.
You die...

............
##.........
##.........###. .
#....##..# ..#. .#
##..####..# ... . ...##
..# #...##.# ...## .#
..#.. ..#.# # ....##.#
#... ##...#..# .......#
#..# #.@....##
.......####.###.###....
...............?).....#
.......##........†..#..
....>.......##.)...##
...............#..##
.......÷....###...#
.......#..........#
.......###....%....


There were no monsters in sight!

Vanquished Creatures
  A two-headed ogre (D:8)
  2 trolls
  3 hippogriffs
  Sigmund (D:2)
  Grum (D:8)
  3 hungry ghosts (D:9)
  A two-headed ogre zombie (D:9)
  3 orc warriors (D:8)
  A black bear (D:8)
  2 ice beasts
  2 phantoms
  A sky beast (D:4)
  4 ogres
  4 wolves (D:8)
  A necrophage (D:9)
  4 centaurs
  A crocodile (D:8)
  7 bullfrogs
  3 scorpions
  3 troll zombies (D:9)
  4 wights
  3 jellies
  7 howler monkeys
  2 crimson imps
  A centaur zombie (D:7)
  8 orc priests
  4 human zombies (D:7)
  A centaur skeleton (D:8)
  3 iguanas
  9 orc wizards
  3 worker ants
  6 ogre zombies
  2 hound zombies (D:5)
  3 worker ant zombies
  7 gnolls
  19 adders
  5 river rats
  A shadow imp (D:6)
  5 oozes
  2 adder skeletons
  An adder zombie (D:9)
  3 worms
  2 dart slugs
  3 leopard geckos
  42 orcs
  9 ball pythons (Sewer)
  12 giant cockroaches
  8 goblins
  10 hobgoblins
  5 jackals
  7 kobolds
  A quokka (D:3)
  9 bats
  16 frilled lizards
  4 goblin skeletons (D:9)
  3 goblin zombies (D:9)
  A hobgoblin skeleton (D:9)
  6 hobgoblin zombies (D:9)
  A jackal zombie (D:8)
  A leopard gecko zombie (D:8)
  2 orc skeletons (D:9)
  7 orc zombies (D:9)
  A quokka skeleton (D:6)
  28 rats
325 creatures vanquished.

Vanquished Creatures (collateral kills)
  A two-headed ogre (D:4)
  A wraith (D:7)
  A phantom (D:5)
  An ogre (D:5)
  Blork the orc (D:5)
  A wight (D:7)
  A howler monkey (D:8)
  A human zombie (D:7)
  A centaur skeleton (D:5)
  A human skeleton (D:7)
  A mummy (D:7)
  A leopard gecko (D:5)
  A hobgoblin skeleton (D:9)
  An orc zombie (D:9)
14 creatures vanquished.

Vanquished Creatures (others)
  An orc wizard (D:8)
  3 toadstools (D:9)
4 creatures vanquished.

Grand Total: 343 creatures vanquished

Notes
Turn   | Place    | Note
-------+----------+-------------------------------------------
     0 | D:1      | DerDa the Demonspawn Ice Elementalist began the quest for
                  | the Orb.
     0 | D:1      | Reached XP level 1. HP: 13/13 MP: 3/3
   238 | D:1      | Gained mutation: Your flesh is cold resistant. (rC+)
                  | [demonic ancestry]
   238 | D:1      | Reached XP level 2. HP: 18/19 MP: 1/5
   355 | D:1      | Reached skill level 4 in Ice Magic
   606 | D:1      | Gained mutation: You are slightly more attuned to the
                  | shadows. [demonic ancestry]
   606 | D:1      | Reached XP level 3. HP: 15/24 MP: 7/7
  1188 | D:1      | Gained mutation: You have sharp toenails. [demonic
                  | ancestry]
  1188 | D:1      | Reached XP level 4. HP: 14/30 MP: 4/8
  1354 | D:2      | Noticed Sigmund
  1378 | D:2      | Killed Sigmund
  1378 | D:2      | Reached skill level 5 in Ice Magic
  1378 | D:2      | Gained mutation: You have razor-sharp toenails. [demonic
                  | ancestry]
  1378 | D:2      | Reached XP level 5. HP: 18/35 MP: 6/11
  1565 | D:2      | Found a radiant altar of Vehumet.
  1730 | D:2      | Reached XP level 6. HP: 35/41 MP: 10/12
  1897 | D:2      | Learned a level 3 spell: Frozen Ramparts
  1901 | D:2      | Learned a level 3 spell: Ozocubu's Armour
  1906 | D:2      | Learned a level 4 spell: Summon Ice Beast
  3190 | D:3      | Found a glowing golden altar of the Shining One.
  3344 | D:3      | Found a runed translucent gate.
  3344 | D:3      | Found a runed translucent gate.
  3349 | D:3      | Found a runed translucent gate.
  3351 | D:3      | Noticed soonmide's ghost (amateur DsWz)
  3757 | D:4      | Reached skill level 5 in Spellcasting
  3757 | D:4      | Reached XP level 7. HP: 41/47 MP: 7/14
  3804 | D:4      | Noticed a two-headed ogre
  3823 | D:4      | Found a glowing drain.
  3867 | D:4      | Reached skill level 1 in Fighting
  3867 | D:4      | Reached skill level 1 in Summonings
  4023 | Sewer    | Entered a sewer
  4149 | Sewer    | Reached skill level 1 in Armour
  4254 | Sewer    | Reached skill level 1 in Evocations
  4509 | Sewer    | Reached skill level 6 in Ice Magic
  4634 | Sewer    | Learned a level 4 spell: Hailstorm
  4833 | D:4      | Found an ornate altar of the Wu Jian Council.
  5107 | D:4      | Reached skill level 1 in Conjurations
  5256 | D:4      | HP: 2/49 [two-headed ogre/+0 giant club (5)]
  5257 | D:4      | Killed a two-headed ogre
  5257 | D:4      | Gained mutation: You are immune to freezing clouds.
                  | [demonic ancestry]
  5257 | D:4      | Reached XP level 8. HP: 2/56 MP: 2/16
  5669 | D:5      | Entered Level 5 of the Dungeon
  5757 | D:5      | Found a sparkling altar of Nemelex Xobeh.
  6583 | D:5      | Reached skill level 7 in Ice Magic
  6609 | D:5      | Reached XP level 9. HP: 40/62 MP: 5/18
  6690 | D:5      | Noticed Blork the orc
  6697 | D:5      | Killed Blork the orc
  7248 | D:5      | Found a shadowy altar of Dithmenos.
  7332 | D:6      | Found Locvuser's Gadget Emporium.
  8096 | D:6      | Found a white marble altar of Elyvilon.
  8096 | D:6      | Found a hazy altar of Hepliaklqana.
  8130 | D:6      | Found a staircase to the Ecumenical Temple.
  8138 | Temple   | Entered the Ecumenical Temple
  8233 | Temple   | Became a worshipper of Sif Muna the Loreminder
  8237 | Temple   | Learned a level 2 spell: Blink
  8241 | Temple   | Learned a level 3 spell: Mephitic Cloud
  8570 | D:7      | Found a transporter.
  8572 | D:7      | Found a transporter.
  8577 | D:7      | Found a transporter.
  8577 | D:7      | Noticed a troll
  8673 | D:7      | Found a transporter.
  8704 | D:7      | Found a transporter.
  9292 | D:7      | Reached skill level 1 in Invocations
  9474 | D:7      | Reached skill level 1 in Poison Magic
  9479 | D:7      | Found an ancient bone altar of Kikubaaqudgha.
  9565 | D:8      | Reached * piety under Sif Muna
  9643 | D:8      | Reached skill level 1 in Air Magic
  9794 | D:8      | Noticed a two-headed ogre
  9864 | D:8      | Killed a two-headed ogre
  9864 | D:8      | Gained mutation: You have claws for feet. [demonic
                  | ancestry]
  9864 | D:8      | Reached XP level 10. HP: 45/71 MP: 20/20
 10216 | D:8      | Reached skill level 5 in Conjurations
 10570 | D:8      | Reached skill level 8 in Ice Magic
 10586 | D:8      | Noticed Grum
 10606 | D:8      | Killed Grum
 11020 | D:9      | Found an iron altar of Okawaru.
 11040 | D:9      | Got a dazzling spear
 11040 | D:9      | Identified the +5 spear "Utida" {drain, *Rage Str+2 Int+7
                  | Dex+3} (You found it on level 9 of the Dungeon)
 11065 | D:9      | Found a staircase to the Lair.
 11096 | D:9      | Reached ** piety under Sif Muna
 11568 | D:9      | Found a staircase to the Orcish Mines.
 11574 | D:9      | Reached *** piety under Sif Muna
 11606 | D:9      | Paralysed by fainting for 12 turns
 12299 | D:10     | Entered Level 10 of the Dungeon
 12535 | D:10     | Reached XP level 11. HP: 76/78 MP: 14/22
 12586 | D:10     | Killed themself with a badly aimed iceblast

Levels and vault maps discovered:
D:1:      dpeg_arrival_line_fractal, layout_basic
D:2:      layout_basic, vehumet_crystals, minmay_pentomino_u4, uniq_sigmund
D:3:      layout_loops_ring, tso_altar, ebering_ghost_rock_garden, first_ration,
          chequers_garden
D:4:      layout_loops_ring, overflow_temple_1_default,
          cheibrodos_sewer_entry_sluice
D:5:      lemuel_upstairs_altar, layout_cave_pools,
          nemelex_xobeh_ov_fountains_minmay, chequers_serial_rivers_micro_b,
          uniq_blork_the_orc
D:6:      layout_rooms, gammafunk_temple_overflow_pools,
          minmay_temple_entry_statues_fountains, serial_shops, shop,
          hangedman_decor_diamond_cutter, chequers_serial_rivers_micro_b,
          kennysheep_generic_room_12
D:7:      gammafunk_the_bubble [the_bubble_gammafunk_roulette], layout_basic,
          lemuel_mausoleum_altar_kikubaaqudgha, minivault_24
D:8:      layout_basic, uniq_grum
D:9:      layout_roguey, okawaru_ov_weapons_minmay, lair_entry_dummy,
          zombieorc2_lemuel, minmay_gold_behind_fungi
D:10:     layout_rooms, serial_shops, shop, the_bakery, uniq_maggie
Temple:   jpeg_temple_clearing

Skill      XL: |  1  2  3  4  5  6  7  8  9 10 |
---------------+-------------------------------+-----
Ice Magic      | 4 5 6 7 8 |  8.4
Spellcasting   | 3 4 5 6 7 |  7.9
Fighting       | 2 3 4 |  4.5
Summonings     | 2 3 4 |  4.4
Armour         | 2 3 |  3.0
Evocations     | 2 3 4 |  4.4
Conjurations   | 2 3 4 6 |  6.0
Dodging        | 2 3 |  3.2
Invocations    | 1 3 |  3.5
Poison Magic   | 1 2 |  2.9
Air Magic      | 1 2 |  2.5
Stealth        | |  1.7

Action                   |  1- 3 |  4- 6 |  7- 9 | 10-12 || total
-------------------------+-------+-------+-------+-------++-------
Melee: Dagger            |    57 |    50 |       |       ||   107
       Kick              |       |    17 |   127 |    89 ||   233
       Whip              |       |    33 |   463 |    82 ||   578
       Spear             |       |       |       |   193 ||   193
       Trident           |       |       |       |     6 ||     6
Throw: Stone             |     2 |     2 |     1 |       ||     5
       Dart              |       |       |     4 |     6 ||    10
 Cast: Freeze            |    21 |    52 |    99 |    31 ||   203
       Frozen Ramparts   |       |     1 |     2 |     2 ||     5
       Summon Ice Beast  |       |       |    20 |     2 ||    22
       Ozocubu's Armour  |       |       |    17 |     7 ||    24
       Hailstorm         |       |       |    12 |    22 ||    34
  Use: Scroll            |       |     6 |     1 |     3 ||    10
       Potion            |       |       |       |     2 ||     2
 Stab: Sleeping          |     1 |     7 |     6 |     7 ||    21
       Distracted        |       |     1 |     8 |     2 ||    11
  Eat: Chunk             |     1 |     4 |    31 |    15 ||    51
       Ration            |       |     1 |     1 |     2 ||     4
Armor: Robe              |    10 |    40 |   236 |   194 ||   480
Dodge: Dodged            |    55 |    63 |   342 |   276 ||   736

Table legend:
 A = Non-vault XP
 B = Vault XP
 C = Vault XP percentage of total XP
 D = Non-vault monster count
 E = Vault monster count
 F = Vault count percentage of total count
                 A         B        C        D         E       F
            +---------+---------+-------+---------+---------+-------
      Total |    8435 |    2779 |  24.8 |     231 |     109 |  32.1
            +---------+---------+-------+---------+---------+-------
        D:1 |      88 |       0 |   0.0 |      31 |       0 |   0.0
        D:2 |     281 |     217 |  43.6 |      32 |       5 |  13.5
        D:3 |      55 |       0 |   0.0 |      17 |       0 |   0.0
        D:4 |    1103 |      15 |   1.3 |      22 |       2 |   8.3
        D:5 |     716 |      52 |   6.8 |      26 |       1 |   3.7
        D:6 |     848 |       0 |   0.0 |      23 |       0 |   0.0
        D:7 |     334 |     519 |  60.8 |      10 |      12 |  54.5
        D:8 |    2860 |     655 |  18.6 |      38 |       5 |  11.6
        D:9 |    1247 |     984 |  44.1 |      18 |      36 |  66.7
       D:10 |     903 |       0 |   0.0 |      14 |       0 |   0.0
      Sewer |       0 |     337 | 100.0 |       0 |      48 | 100.0
            +---------+---------+-------+---------+---------+-------
